 Dungeon Crawl Stone Soup version 0.26-a0-58-g79b31b8662 (webtiles) character file.

Game seed: 1636169029487525

138 Ozzies the Skirmisher (level 5, -3/36 HPs)
             Began as a Gargoyle Fighter on June 8, 2020.
             Killed by divine providence
             ... invoked by an orc priest
              (14 damage)
             ... on level 3 of the Dungeon.
             The game lasted 00:04:31 (2026 turns).

Ozzies the Skirmisher (Gargoyle Fighter)            Turns: 2026, Time: 00:04:32

Health: -3/36      AC: 10    Str: 20    XL:     5   Next: 21%
Magic:  5/5        EV:  7    Int:  9    God:
Gold:   194        SH:  9    Dex:  9    Spells: 4/4 levels left

rFire    . . .     SeeInvis .   a - +0 flail
rCold    . . .     Gourm    .   c - +0 kite shield
rNeg     + . .     Faith    .   b - +0 scale mail
rPois    ∞         Spirit   .   (no helmet)
rElec    +         Reflect  .   (no cloak)
rCorr    .         Harm     .   (no gloves)
MR       .....                  (no boots)
Stlth    ..........             (no amulet)
HPRegen  0.12/turn              (no ring)
MPRegen  0.09/turn              (no ring)

@: no status effects
A: negative energy resistance 1, electricity resistance, unbreathing,
petrification resistance, rot immunity, AC +4
a: no special abilities


You were on level 3 of the Dungeon.
You were not hungry.

You visited 1 branch of the dungeon, and saw 3 of its levels.

You collected 194 gold pieces.

Inventory:

Hand Weapons
 a - a +0 flail (weapon)
 k - a +0 whip
Armour
 b - a +0 scale mail (worn)
 c - a +0 kite shield (worn)
Wands
 n - a wand of digging (6)
Scrolls
 h - a scroll of identify {unknown}
 j - a scroll of fear {unknown}
 l - a scroll of remove curse {unknown}
 m - a scroll of teleportation {unknown}
Potions
 d - a potion of might
 e - a potion of flight {unknown}
 g - a potion of stabbing {unknown}
 i - 2 potions of curing {unknown}
 o - a potion of mutation {unknown}
Comestibles
 f - 8 rations


   Skills:
 * Level 5.7 Fighting
 + Level 3.0 Maces & Flails
 - Level 3.2 Armour
 - Level 3.2 Shields


You had 4 spell levels left.
You didn't know any spells.
Your spell library was empty.

Dungeon Overview and Level Annotations

Branches:
Dungeon (3/15)

Altars:


Innate Abilities, Weirdness & Mutations

You are resistant to torment.
Your stone body is resilient. (AC +4)
You are immune to poison.
You resist negative energy. (rN+)
You are resistant to electric shocks. (rElec)
You can survive without breathing.
You are immune to petrification.
You are immune to rotting.


Message History

Your shield prevents you from hitting the orc.
The orc priest calls down the wrath of Beogh upon you.
Beogh smites you! You block the orc's attack.
You are too injured to fight recklessly!
You are too injured to fight recklessly!
You are too injured to fight recklessly!
You are too injured to fight recklessly!
You are too injured to fight recklessly!
You are too injured to fight recklessly!
You are too injured to fight recklessly!
You are too injured to fight recklessly!
You are too injured to fight recklessly!
You are too injured to fight recklessly!
You are too injured to fight recklessly!
You hit the orc.
The orc is severely wounded.
The orc barely misses you.
The orc priest mumbles some strange prayers to Beogh against you.
Beogh smites you!
You die...

#....# . #....#####..
#..........? ...
#.......K# #..# #.K(()..#
#...# ##o##...# ....#
#..# #r# .....# #... #..#
#o# ####.# #.. #..# #@#
..# #.. #..# #.# #.# #..
#..# #.# #.## #. #..# #.#
#..# ## #..# #.#
####.####### #..## #.#
#....†.....# ##...# #.#
#..........#
#..#.###.#####...†......#
#.##.#......##...........


You could see an orc priest, an orc, a kobold and a rat.

Vanquished Creatures
  4 adders
  3 dart slugs
  5 leopard geckos
  3 orcs (D:3)
  7 giant cockroaches
  6 goblins
  9 hobgoblins
  10 jackals
  2 ball pythons
  8 bats
  6 frilled lizards
  9 kobolds
  12 rats
84 creatures vanquished.

Notes
Turn   | Place    | Note
-------+----------+-------------------------------------------
     0 | D:1      | Ozzies the Gargoyle Fighter began the quest for the Orb.
     0 | D:1      | Reached XP level 1. HP: 14/14 MP: 1/1
    88 | D:1      | Reached XP level 2. HP: 17/20 MP: 2/2
    97 | D:1      | Reached skill level 4 in Fighting
   290 | D:1      | Reached XP level 3. HP: 24/24 MP: 3/3
  1152 | D:2      | Reached skill level 5 in Fighting
  1152 | D:2      | Reached XP level 4. HP: 27/31 MP: 4/4
  1814 | D:3      | Reached XP level 5. HP: 36/36 MP: 5/5
  2026 | D:3      | Killed from afar by an orc priest

Illustrated notes

Levels and vault maps discovered:
D:1:      lightli_arrival_chessboard, layout_loops_ring, hangedman_decor_push
D:2:      layout_loops_ring
D:3:      layout_rooms, grunt_ministairs_4, grunt_decor_arrowhead, st_stairs_9

Skill      XL: |  1  2  3  4  5 |
---------------+----------------+-----
Fighting       | 4 5 |  5.7
Maces & Flails | 3 |  3.0
Armour         | |  3.2
Shields        | |  3.2

Action                   |  1- 3 |  4- 6 || total
-------------------------+-------+-------++-------
Melee: Flail             |   176 |   133 ||   309
  Eat: Chunk             |     1 |     3 ||     4
Armor: Scale mail        |   136 |    79 ||   215
Dodge: Dodged            |    79 |    55 ||   134
Block: Kite shield       |   118 |    98 ||   216

Table legend:
 A = Non-vault XP
 B = Vault XP
 C = Vault XP percentage of total XP
 D = Non-vault monster count
 E = Vault monster count
 F = Vault count percentage of total count
                 A         B        C        D         E       F
            +---------+---------+-------+---------+---------+-------
      Total |     190 |       8 |   4.0 |      80 |       4 |   4.8
            +---------+---------+-------+---------+---------+-------
        D:1 |      46 |       0 |   0.0 |      27 |       0 |   0.0
        D:2 |      83 |       0 |   0.0 |      33 |       0 |   0.0
        D:3 |      61 |       8 |  11.6 |      20 |       4 |  16.7
            +---------+---------+-------+---------+---------+-------
